AoeStats
← SPLINTER

Arabian Desert

509577173Analyzed
1v1 RM · 5d ago on Sep 27, 2026· 22m 4s· 2 players
Game mode
Random Map
Map size
Tiny (2 player)
Population
200
Speed
Normal
Resources
Standard
Victory
Conquest
Starting age
Dark Age
Ending age
Imperial Age
RankedLock teamsTeams togetherTeam positionsShared explorationLock speedFull tech treeHidden civsTurbo modeCheats
Victory
Defeat
🇨🇳 Magyars · China
1563
+14
🇧🇬 Turks · Bulgaria
1528
-14
SPLINTER
6:20 Loom
9:07 Feudal Age
9:56 Double-Bit Axe
13:01 Town Watch
17:30 Fletching
CTO
10:05 Feudal Age
10:22 Loom
10:47 Double-Bit Axe
16:56 Horse Collar
19:40 Wheelbarrow
20:25 Bloodlines
Connection lost

Rejoining the realm…

Still unreachable

The connection could not be restored.

Session expired

The server has moved on; the page needs a fresh start.